 Dungeon Crawl Stone Soup version 0.31-a0-16-g6d2539766c (webtiles) character file.

Game seed: 12537330012656827277

149 bande the Shield-Bearer (level 5, -2/33 HPs)
             Began as a Gargoyle Fighter on May 9, 2023.
             Slain by an orc
             ... wielding a +0 morningstar
              (9 damage)
             ... on level 3 of the Dungeon.
             The game lasted 00:03:04 (2902 turns).

bande the Shield-Bearer (Gargoyle Fighter)          Turns: 2902, Time: 00:03:05

Health: -2/33      AC: 13    Str: 19    XL:     5   Next: 31%
Magic:  5/5        EV:  7    Int:  9    God:
Gold:   156        SH:  4    Dex: 11    Spells: 4/4 levels left

rFire   . . .        a - +0 war axe
rCold   . . .        c - +0 buckler
rNeg    + . .        n - +0 chain mail
rPois   ∞            (no helmet)
rElec   +            (no cloak)
rCorr   .            (no gloves)
SInv    .            (no boots)
Will    .....        (no amulet) Stlth
                     (no ring)
HPRegen 0.25/turn    (no ring)
MPRegen 0.09/turn

%: no passive effects
@: no status effects
A: sickness immunity, AC +4, negative energy resistance 1, electricity
resistance, torment resistance 1, petrification resistance
a: no special abilities


You were on level 3 of the Dungeon.
You visited 1 branch of the dungeon, and saw 3 of its levels.

You collected 156 gold pieces.

Inventory:

Hand Weapons
 a - a +0 war axe (weapon)
Armour
 c - a +0 buckler (worn)
 n - a +0 chain mail (worn)
Scrolls
 i - 2 scrolls of teleportation
 k - a scroll of fog
 l - a scroll of magic mapping
Potions
 b - a potion of mutation {unknown}
 d - 2 potions of might
 e - a potion of brilliance {unknown}
 f - a potion of magic {unknown}
 g - 2 potions of resistance {unknown}
 h - 2 potions of heal wounds {unknown}
 j - 3 potions of curing {unknown}
 o - a potion of cancellation {unknown}
 p - a potion of ambrosia {unknown}


   Skills:
 + Level 3.9 Fighting
 + Level 3.2 Axes
 + Level 4.1 Armour
 + Level 4.2 Shields


You had 4 spell levels left.
You didn't know any spells.
Your spell library contained the following spells:

 Spells                   Type           Power      Damage    Failure   Level
 Sandblast                Erth           0%         2d4       99%         1
 Summon Small Mammal      Summ           0%         N/A       99%         1
 Passwall                 Tmut/Erth      0%         N/A       99%         2
 Call Canine Familiar     Summ           0%         N/A       100%        3
 Stone Arrow              Conj/Erth      0%         3d7       100%        3
 Summon Guardian Golem    Hex/Summ       0%         N/A       100%        3
 Animate Armour           Summ/Erth      0%         N/A       100%        4
 Blade Hands              Tmut           0%         N/A       100%        5
 Iron Shot                Conj/Erth      0%         9d1       100%        6


Dungeon Overview and Level Annotations

Branches:
Dungeon (3/15)

Altars:
Gozag


Innate Abilities, Weirdness & Mutations

You are immune to sickness and miasma.
Your stone body is resilient. (AC +4)
You are immune to poison.
You resist negative energy. (rN+)
You are resistant to electric shocks. (rElec)
You are resistant to unholy torment.
You are immune to petrification.


Message History

The orc hits you with a +0 mace. The orc hits you but does no damage.
The orc shouts!
You hit the orc.
The orc is moderately wounded.
You slash the orc!
You kill the orc!
You barely miss the orc priest.
The orc priest hits you but does no damage.
The orc priest invokes the aid of Beogh against you.
Beogh smites you!
You hit the orc priest but do no damage.
The orc priest hits you with a +0 hand axe.
You are too injured to fight recklessly!
You are too injured to fight recklessly!
You are too injured to fight recklessly!
You are too injured to fight recklessly!
You are too injured to fight recklessly!
You are too injured to fight recklessly!
You are too injured to fight recklessly!
You are too injured to fight recklessly!
You are too injured to fight recklessly!
You slash the orc priest!
The orc priest is heavily wounded.
The orc priest hits you but does no damage.
The orc priest closely misses you.
You hit the orc priest.
The orc priest is almost dead.
The orc priest looks braver for a moment.
You closely miss the orc. You barely miss the orc priest.
The orc priest hits you with a +0 hand axe.
The orc hits you with a +0 morningstar.
You barely miss the orc. You closely miss the orc priest.
The orc priest barely misses you. The orc barely misses you.
The orc completely misses you. The orc priest barely misses you.
You closely miss the orc.
You hit the orc priest but do no damage.
The orc priest hits you with a +0 hand axe.
* * * LOW HITPOINT WARNING * * *
The orc hits you with a +0 morningstar!
You die...

#.....# ***..,,,,,,,*
##.....####....,,,,,,,*
###......(.......,,,,,,,*
#.#..####'#######+*****,*
###...###.....##*,,,,,***,*
.....†#*##.....##*,,,,,**,*
#####.#,*##.....##*,,,,,*,*
..8##.#,,*##.....##*,,,,*,*
.._#..+,,,*##..o@.#**,,,+,**
..8#†.#,,,,*###o###***,,*,,*
####..#,,,,,*.oo,,*,***,*,,*
......#*,,,,#..=,,*,,****,,*
.###..#**,,,+.:.,,+,,,***,,*
.# #..#***,,#..?,,*,,,,**,,*
## #..#,***,#...,,*,,,,,*,,*
# #..#,,***###+****,,,,*,,*
#**#..+,,,***,,,,,***,,,+,,*


You could see 2 orc priests and 2 orcs.

Vanquished Creatures
  4 gnolls
  4 adders
  A worm (D:3)
  A dart slug (D:3)
  An orc (D:3)
  10 ball pythons
  4 bats
  6 endoplasms
  4 giant cockroaches
  A goblin (D:2)
  4 hobgoblins
  4 jackals (D:1)
  6 kobolds
  4 quokkas
  2 frilled lizards
  6 rats
62 creatures vanquished.

Notes
Turn   | Place    | Note
-------+----------+-------------------------------------------
     0 | D:1      | bande the Gargoyle Fighter began the quest for the Orb.
     0 | D:1      | Reached XP level 1. HP: 14/14 MP: 1/1
   164 | D:1      | Reached XP level 2. HP: 19/19 MP: 2/2
   828 | D:2      | Reached XP level 3. HP: 23/23 MP: 3/3
  1757 | D:2      | Reached XP level 4. HP: 13/29 MP: 4/4
  2166 | D:2      | Found a faded altar of an unknown god.
  2550 | D:3      | Reached XP level 5. HP: 27/33 MP: 5/5
  2814 | D:3      | Found an opulent altar of Gozag.
  2902 | D:3      | Slain by an orc

Illustrated notes

Levels and vault maps discovered:
D:1:      tarquinn_simple_flora_water_c, layout_loops_ring
D:2:      layout_basic, nicolae_ecumenical_snake_handling, st_stairs_13,
          kennysheep_big_empty_room
D:3:      layout_rooms, grunt_gozag_breadcrumbs, minmay_quadrilaterals

Skill      XL: |  1  2  3  4  5 |
---------------+----------------+-----
Shields        | 4 |  4.2
Axes           | 2 3 |  3.2
Armour         | 4 |  4.1
Fighting       | |  3.9

Action                     |  1- 3 |  4- 6 || total
---------------------------+-------+-------++-------
  Melee: War axe           |    78 |   110 ||   188
    Use: Scroll            |       |     5 ||     5
 Armour: Scale mail        |    59 |    16 ||    75
         Chain mail        |       |    50 ||    50
  Dodge: Dodged            |    56 |    53 ||   109
  Block: Buckler           |    30 |    23 ||    53

Table legend: (Time is in decaauts)
 A = Elapsed time spent in this place.
 B = Non-inter-level travel time spent in this place.
 C = Inter-level travel time spent in this place.
 D = Time resting spent in this place.
 E = Time spent auto-exploring this place.
 F = Levels seen in this place.
 G = Mean time per level.
                   A        B        C        D        E       F      G
               +--------+--------+--------+--------+--------+-----+--------+
         Total |   2985 |   2947 |     38 |   1037 |   1364 |   3 |  995.0 |
       Dungeon |   2985 |   2947 |     38 |   1037 |   1364 |   3 |  995.0 |
               +--------+--------+--------+--------+--------+-----+--------+

Top non-repeatable levels by time:
     D:1: 1638 daAuts
     D:2: 958 daAuts
     D:3: 388 daAuts
